PBL
TROIS-RIVERES AIGLES @ YORK REVOLUTION
05/25/2048
 
TOP OF THE 1ST
Trois-Riveres Aigles batting - Pitching for York Revolution : LHP Jonathan Monroy
Pitching: LHP Jonathan Monroy
Batting: RHB Luis Jara 0-0: Swinging Strike
0-1: Ball
1-1: Called Strike
1-2: Ball
2-2: Strikes out swinging
Batting: RHB Micah Logan 0-0: Ball
1-0: Called Strike
1-1: Swinging Strike
1-2: Foul Ball, location: 2F
1-2: Strikes out looking
Batting: SHB Derek Weaver 0-0: Fly out, F7 (Flyball, 7S, EV 90.0 MPH)
Top of the 1st over - 0 runs, 0 hits, 0 errors, 0 left on base; Trois-Riveres 0 - York 0
BOTTOM OF THE 1ST
York Revolution batting - Pitching for Trois-Riveres Aigles : RHP Juan Osorio
Pitching: RHP Juan Osorio
Batting: LHB Mike Hawk 0-0: Ball
1-0: Called Strike
1-1: Ground out 4-3 (Groundball, 4, EV 108.1 MPH)
Batting: LHB Bryant Dill 0-0: Foul Ball, location: 2F
0-1: Foul Ball, location: 2F
0-2: Ball
1-2: Strikes out looking
Batting: RHB Eddie Serna 0-0: Ball
1-0: Ball
2-0: Ground out 6-3 (Groundball, 6, EV 105.6 MPH)
Bottom of the 1st over - 0 runs, 0 hits, 0 errors, 0 left on base; Trois-Riveres 0 - York 0
TOP OF THE 2ND
Trois-Riveres Aigles batting - Pitching for York Revolution : LHP Jonathan Monroy
Batting: RHB Sandoval Serzedelo 0-0: Foul Ball, location: 2F
0-1: Ball
1-1: Ball
2-1: Foul Ball, location: 2F
2-2: Strikes out looking
Batting: RHB Chris Davis 0-0: Ball
1-0: Ball
2-0: Called Strike
2-1: Ball
3-1: Called Strike
3-2: Ground out 5-3 (Groundball, 56S, EV 78.1 MPH)
Batting: RHB Tony Bonilla 0-0: Ball
1-0: Called Strike
1-1: Called Strike
1-2: Ball
2-2: Strikes out swinging
Top of the 2nd over - 0 runs, 0 hits, 0 errors, 0 left on base; Trois-Riveres 0 - York 0
BOTTOM OF THE 2ND
York Revolution batting - Pitching for Trois-Riveres Aigles : RHP Juan Osorio
Batting: LHB Jean-Claude Vanbiesbrouck 0-0: Ball
1-0: Called Strike
1-1: Ball
2-1: Called Strike
2-2: Foul Ball, location: 2F
2-2: Ball
3-2: Foul Ball, location: 2F
3-2: Ground out U3 (Groundball, 23, EV 79.4 MPH)
Batting: RHB Dan Shaffer 0-0: Ball
1-0: Fly out, F7 (Flyball, 7LS, EV 89.4 MPH)
Batting: LHB Jason Duda 0-0: Ball
1-0: Foul Ball, location: 2F
1-1: Ball
2-1: Ball
3-1: Foul Ball, location: 2F
3-2: SINGLE (Line Drive, 34, EV 106.2 MPH)
Batting: LHB Jessie Whedbee 0-0: Ball
1-0: Foul Ball, location: 2F
1-1: Ball
2-1: Foul Ball, location: 2F
2-2: Foul Ball, location: 2F
2-2: Ball
3-2: Foul Ball, location: 2F
3-2: Base on Balls
Jason Duda to second
Batting: LHB Dennis French 0-0: Fly out, F7 (Flyball, 78M, EV 96.2 MPH)
Bottom of the 2nd over - 0 runs, 1 hit, 0 errors, 2 left on base; Trois-Riveres 0 - York 0
TOP OF THE 3RD
Trois-Riveres Aigles batting - Pitching for York Revolution : LHP Jonathan Monroy
Batting: RHB Alistair Holmes 0-0: Called Strike
0-1: Ball
1-1: Foul Ball, location: 2F
1-2: Strikes out swinging
Batting: RHB Willie Acevedo 0-0: Called Strike
0-1: Foul Ball, location: 2F
0-2: Strikes out swinging
Batting: RHB Ben Saxton 0-0: DOUBLE (Line Drive, 8LXD, EV 106.9 MPH)
Batting: RHB Luis Jara 0-0: Called Strike
0-1: Ball
1-1: Swinging Strike
1-2: Strikes out looking
Top of the 3rd over - 0 runs, 1 hit, 0 errors, 1 left on base; Trois-Riveres 0 - York 0
BOTTOM OF THE 3RD
York Revolution batting - Pitching for Trois-Riveres Aigles : RHP Juan Osorio
Batting: LHB Quincy Smart 0-0: Fly out, F9 (Line Drive, 9S, EV 108.8 MPH)
Batting: LHB Mike Hawk 0-0: Called Strike
0-1: Foul Ball, location: 2F
0-2: Ball
1-2: Foul Ball, location: 2F
1-2: Strikes out swinging
Batting: LHB Bryant Dill 0-0: Ball
1-0: Foul Ball, location: 2F
1-1: Foul Ball, location: 2F
1-2: Ball
2-2: Ball
3-2: SINGLE (Groundball, 34D, EV 101.9 MPH)
Batting: RHB Eddie Serna 0-0: Ball
1-0: Called Strike
1-1: Foul Ball, location: 2F
1-2: Foul Ball, location: 2F
1-2: Foul Ball, location: 2F
1-2: Foul Ball, location: 2F
1-2: Ball
Bryant Dill is caught stealing 2nd base 2-4
Bottom of the 3rd over - 0 runs, 1 hit, 0 errors, 0 left on base; Trois-Riveres 0 - York 0
TOP OF THE 4TH
Trois-Riveres Aigles batting - Pitching for York Revolution : LHP Jonathan Monroy
Batting: RHB Micah Logan 0-0: SINGLE (Line Drive, 56D, EV 108.1 MPH)
Batting: SHB Derek Weaver 0-0: Called Strike
0-1: Ball
1-1: Ball
2-1: Swinging Strike
2-2: Strikes out looking
Batting: RHB Sandoval Serzedelo 0-0: Fly out, F8 (Flyball, 78M, EV 87.5 MPH)
Batting: RHB Chris Davis 0-0: Foul Ball, location: 2F
0-1: Swinging Strike
0-2: Strikes out swinging
Top of the 4th over - 0 runs, 1 hit, 0 errors, 1 left on base; Trois-Riveres 0 - York 0
BOTTOM OF THE 4TH
York Revolution batting - Pitching for Trois-Riveres Aigles : RHP Juan Osorio
Batting: RHB Eddie Serna 0-0: Ball
1-0: Ball
2-0: Called Strike
2-1: Called Strike
2-2: Foul Ball, location: 2F
2-2: SINGLE (Groundball, 56D, EV 105.0 MPH)
Batting: LHB Jean-Claude Vanbiesbrouck 0-0: Ball
Eddie Serna is caught stealing 2nd base 2-6
1-0: Ball
2-0: Ball
3-0: Base on Balls
Batting: RHB Dan Shaffer 0-0: Swinging Strike
0-1: Fly out, F8 (Flyball, 8RM, EV 92.5 MPH)
Batting: LHB Jason Duda 0-0: Ball
1-0: Foul Ball, location: 2F
1-1: Called Strike
1-2: Fly out, F8 (Flyball, 8LD, EV 95.6 MPH)
Bottom of the 4th over - 0 runs, 1 hit, 0 errors, 1 left on base; Trois-Riveres 0 - York 0
TOP OF THE 5TH
Trois-Riveres Aigles batting - Pitching for York Revolution : LHP Jonathan Monroy
Batting: RHB Tony Bonilla 0-0: Ball
1-0: Ball
2-0: Ball
3-0: Base on Balls
Batting: RHB Alistair Holmes 0-0: Ball
1-0: Ball
2-0: Ball
3-0: Called Strike
3-1: Swinging Strike
3-2: Fly out, F9 (Flyball, 89S, EV 96.2 MPH)
Batting: RHB Willie Acevedo 0-0: Called Strike
0-1: Ball
1-1: Foul Ball, location: 2F
1-2: SINGLE (Groundball, 56D, EV 95.0 MPH)
Tony Bonilla to second
Batting: RHB Ben Saxton 0-0: Fly out, F6 (Popup, 56, EV 71.2 MPH)
Batting: RHB Luis Jara 0-0: Ball
1-0: Ball
2-0: Called Strike
2-1: Foul Ball, location: 2F
2-2: Foul Ball, location: 2F
2-2: Ball
3-2: Fly out, F8 (Flyball, 8RM, EV 80.6 MPH)
Top of the 5th over - 0 runs, 1 hit, 0 errors, 2 left on base; Trois-Riveres 0 - York 0
BOTTOM OF THE 5TH
York Revolution batting - Pitching for Trois-Riveres Aigles : RHP Juan Osorio
Batting: LHB Jessie Whedbee 0-0: Swinging Strike
0-1: Ball
1-1: Foul Ball, location: 2F
1-2: Ball
2-2: Ball
3-2: Strikes out swinging
Batting: LHB Dennis French 0-0: Called Strike
0-1: Ball
1-1: Ball
2-1: Ball
3-1: Called Strike
3-2: Fly out, F8 (Flyball, 89S, EV 90.6 MPH)
Batting: LHB Quincy Smart 0-0: Ball
1-0: Fly out, F5 (Popup, 5SF, EV 75.6 MPH)
Bottom of the 5th over - 0 runs, 0 hits, 0 errors, 0 left on base; Trois-Riveres 0 - York 0
TOP OF THE 6TH
Trois-Riveres Aigles batting - Pitching for York Revolution : LHP Jonathan Monroy
Batting: RHB Micah Logan 0-0: Hit by Pitch
Batting: SHB Derek Weaver 0-0: Reached on error, E5 (Groundball, 56D, EV 105.6 MPH)
Micah Logan to second
Batting: RHB Sandoval Serzedelo 0-0: Called Strike
0-1: Foul Ball, location: 2F
0-2: Strikes out swinging
Batting: RHB Chris Davis 0-0: Ball
1-0: Ball
2-0: Ball
3-0: Base on Balls
Micah Logan to third
Derek Weaver to second
Pitching: RHP Robert Chauvel
Pinch Hitting: LHB Jonathan Watt 0-0: Ball
1-0: Foul Ball, location: 2F
1-1: Foul Ball, location: 2F
1-2: Grounds into double play, 5-2-3 (Groundball, 56S, EV 86.9 MPH)
Top of the 6th over - 0 runs, 0 hits, 1 error, 2 left on base; Trois-Riveres 0 - York 0
BOTTOM OF THE 6TH
York Revolution batting - Pitching for Trois-Riveres Aigles : RHP Juan Osorio
Now at 1B: Jonathan Watt
Batting: LHB Mike Hawk 0-0: Ball
1-0: Ball
2-0: Ball
3-0: Called Strike
3-1: Foul Ball, location: 2F
3-2: SOLO HOME RUN (Flyball, 89XD, EV 106.2 MPH), Distance : 398 ft
Batting: LHB Bryant Dill 0-0: Ball
1-0: Ball
2-0: Called Strike
2-1: DOUBLE (Flyball, 8RXD, EV 100.0 MPH)
Batting: RHB Eddie Serna 0-0: Ball
1-0: Called Strike
1-1: Foul Ball, location: 2F
1-2: 2-RUN HOME RUN (Flyball, 78XD, EV 104.4 MPH), Distance : 387 ft
Batting: LHB Jean-Claude Vanbiesbrouck 0-0: Called Strike
0-1: Called Strike
0-2: Ball
1-2: Ball
2-2: Foul Ball, location: 2F
2-2: Ball
3-2: Base on Balls
Batting: RHB Dan Shaffer 0-0: Called Strike
0-1: Ball
1-1: Ball
2-1: Fly out, F7 (Flyball, 7LM, EV 98.8 MPH)
Pitching: LHP Frank Hopkins
Batting: LHB Jason Duda 0-0: Ball
1-0: Ball
2-0: Called Strike
2-1: Called Strike
2-2: Foul Ball, location: 2F
2-2: Strikes out looking
Batting: LHB Jessie Whedbee 0-0: Foul Ball, location: 2F
0-1: Ball
1-1: Ball
2-1: Foul Ball, location: 2F
2-2: Ball
3-2: Fly out, F7 (Flyball, 78M, EV 82.5 MPH)
Bottom of the 6th over - 3 runs, 3 hits, 0 errors, 1 left on base; Trois-Riveres 0 - York 3
TOP OF THE 7TH
Trois-Riveres Aigles batting - Pitching for York Revolution : RHP Robert Chauvel
Batting: RHB Alistair Holmes 0-0: Fly out, F8 (Flyball, 8RD, EV 101.2 MPH)
Batting: RHB Willie Acevedo 0-0: Ball
1-0: Called Strike
1-1: Ball
2-1: Swinging Strike
2-2: Strikes out swinging
Batting: RHB Ben Saxton 0-0: Ball
1-0: Called Strike
1-1: Swinging Strike
1-2: Strikes out swinging
Top of the 7th over - 0 runs, 0 hits, 0 errors, 0 left on base; Trois-Riveres 0 - York 3
BOTTOM OF THE 7TH
York Revolution batting - Pitching for Trois-Riveres Aigles : LHP Frank Hopkins
Batting: LHB Dennis French 0-0: Ball
1-0: Called Strike
1-1: Swinging Strike
1-2: Ball
2-2: Foul Ball, location: 2F
2-2: Fly out, F8 (Flyball, 89D, EV 90.6 MPH)
Batting: LHB Quincy Smart 0-0: Ball
1-0: Ball
2-0: Foul Ball, location: 2F
2-1: Hit by Pitch
Batting: LHB Mike Hawk 0-0: Foul Ball, location: 2F
0-1: Called Strike
0-2: Ball
1-2: Fly out, F8 (Flyball, 8LM, EV 80.6 MPH)
Batting: LHB Bryant Dill 0-0: Ball
Pickoff Throw to First - Error! E1
Quincy Smart to second
1-0: Ground out 4-3 (Groundball, 4M, EV 103.8 MPH)
Bottom of the 7th over - 0 runs, 0 hits, 1 error, 1 left on base; Trois-Riveres 0 - York 3
TOP OF THE 8TH
Trois-Riveres Aigles batting - Pitching for York Revolution : RHP Robert Chauvel
Pinch Hitting: LHB Ian Cranton 0-0: Called Strike
0-1: Ball
1-1: Called Strike
1-2: Ball
2-2: Foul Ball, location: 2F
2-2: Foul Ball, location: 2F
2-2: Ball
3-2: Foul Ball, location: 2F
3-2: SINGLE (Groundball, 4MD, EV 103.8 MPH)
Pinch Hitting: SHB Dan Trainer 0-0: Swinging Strike
0-1: Swinging Strike
0-2: Ball
1-2: Foul Ball, location: 2F
1-2: Foul Ball, location: 2F
1-2: Ball
2-2: Strikes out swinging
Batting: SHB Derek Weaver 0-0: Swinging Strike
0-1: Fly out, F9 (Flyball, 89S, EV 85.6 MPH)
Batting: RHB Toshikatsu Omori 0-0: Called Strike
0-1: Ball
1-1: Ball
2-1: Called Strike
2-2: Fielders Choice at 2nd, 6-4 (Groundball, 6, EV 80.0 MPH)
Top of the 8th over - 0 runs, 1 hit, 0 errors, 1 left on base; Trois-Riveres 0 - York 3
BOTTOM OF THE 8TH
York Revolution batting - Pitching for Trois-Riveres Aigles : LHP Frank Hopkins
Now at SS: Dan Trainer
Now in CF: Gilbert Hoareau
Batting: RHB Eddie Serna 0-0: Foul Ball, location: 2F
0-1: Fly out, F9 (Flyball, 89D, EV 95.0 MPH)
Batting: LHB Jean-Claude Vanbiesbrouck 0-0: Called Strike
0-1: Ball
1-1: Called Strike
1-2: Ball
2-2: Foul Ball, location: 2F
2-2: Foul Ball, location: 2F
2-2: SINGLE (Line Drive, 7LS, EV 105.6 MPH)
Batting: RHB Dan Shaffer 0-0: Called Strike
0-1: SINGLE (Flyball, 6D, EV 91.9 MPH)
Jean-Claude Vanbiesbrouck to second
Batting: LHB Jason Duda 0-0: Called Strike
0-1: Foul Ball, location: 2F
0-2: Strikes out swinging
Batting: LHB Jessie Whedbee 0-0: Called Strike
0-1: Foul Ball, location: 2F
0-2: Ball
1-2: Ball
2-2: Foul Ball, location: 2F
2-2: Fly out, F4 (Popup, 4, EV 68.1 MPH)
Bottom of the 8th over - 0 runs, 2 hits, 0 errors, 2 left on base; Trois-Riveres 0 - York 3
TOP OF THE 9TH
Trois-Riveres Aigles batting - Pitching for York Revolution : RHP Robert Chauvel
Pitching: RHP RĂ¼diger Stritter
Pinch Hitting: RHB Gabe Wilcoxon 0-0: Called Strike
0-1: Foul Ball, location: 2F
0-2: Ball
1-2: Ball
2-2: Fly out, F7 (Flyball, 7D, EV 105.0 MPH)
Batting: LHB Jonathan Watt 0-0: Ball
1-0: Ball
2-0: Ball
3-0: Called Strike
3-1: Base on Balls
Pinch Hitting: RHB Joel Wittmier 0-0: Called Strike
0-1: Ball
1-1: Called Strike
1-2: Strikes out swinging
Pinch Hitting: RHB Roy Johnson 0-0: Fielders Choice at 2nd, 5-4 (Groundball, 56, EV 86.2 MPH)
Top of the 9th over - 0 runs, 0 hits, 0 errors, 1 left on base; Trois-Riveres 0 - York 3
Tuesday, March 28th , 2023 - OOTP Baseball 23.10 Build 110